TOP OF THE 1ST |
London Majors batting - Pitching for Southern Maryland Blue Crabs : RHP Chris McCurdy
|
Pitching: RHP Chris McCurdy
|
|
Batting: RHB Luis Gomez
|
0-0: Ball 1-0: Foul Ball, location: 2F 1-1: Ball 2-1: SOLO HOME RUN (Flyball, 7LD, EV 95.0 MPH), Distance : 356 ft
|
Batting: RHB Dustin Bargman
|
0-0: Called Strike 0-1: Called Strike 0-2: Ball 1-2: Strikes out swinging
|
Batting: RHB Stephen Casteel
|
0-0: SINGLE (Line Drive, 34, EV 98.8 MPH)
|
Batting: RHB Mike Chamberlain
|
Pickoff Throw to First - Error! E1 Stephen Casteel to second 0-0: Ball 1-0: Foul Ball, location: 2F 1-1: Swinging Strike 1-2: Ball 2-2: Ground out 5-3 (Groundball, 5, EV 83.1 MPH)
|
Batting: LHB Eric Toney
|
0-0: Called Strike 0-1: Ball 1-1: Fly out, F9 (Line Drive, 9, EV 95.0 MPH)
|
Top of the 1st over - 1 run, 2 hits, 1 error, 1 left on base; London 1 - Southern Maryland 0 |
BOTTOM OF THE 1ST |
Southern Maryland Blue Crabs batting - Pitching for London Majors : RHP Gu Won
|
Pitching: RHP Gu Won
|
|
Batting: RHB Tony Godley
|
0-0: Swinging Strike 0-1: Ball 1-1: SINGLE (Groundball, 4S, EV 65.6 MPH) (infield hit)
|
Batting: RHB Ethan Finke
|
0-0: Called Strike 0-1: Ball 1-1: Ball 2-1: Ball 3-1: Foul Ball, location: 2F 3-2: Foul Ball, location: 2F 3-2: Foul Ball, location: 2F 3-2: Foul Ball, location: 2F 3-2: SINGLE (Flyball, 9LS, EV 95.0 MPH) Tony Godley to second Tony Godley to third
|
Batting: RHB Mike Pitts
|
0-0: Foul Ball, location: 2F 0-1: Foul Ball, location: 2F 0-2: Ball 1-2: Fly out, F8 (Flyball, 89M, EV 89.4 MPH)
|
Batting: SHB Chris Wright
|
0-0: Ball 1-0: Called Strike 1-1: Ball 2-1: Swinging Strike 2-2: Ball 3-2: Fly out, F9 (Flyball, 9D, EV 90.6 MPH) Runner from 3rd tags up, SCORES, no throw by RF
|
Batting: RHB John Barton
|
0-0: Called Strike 0-1: Ball 1-1: SINGLE (Flyball, 8LS, EV 90.6 MPH) Ethan Finke to second
|
Batting: RHB Tony Fernandez
|
0-0: Foul Ball, location: 2F 0-1: Swinging Strike 0-2: Foul Ball, location: 2F 0-2: Ball 1-2: Foul Ball, location: 2F 1-2: Ball 2-2: Fielders Choice at 2nd, U4 (Groundball, 4M, EV 103.1 MPH)
|
Bottom of the 1st over - 1 run, 3 hits, 0 errors, 2 left on base; London 1 - Southern Maryland 1 |
TOP OF THE 2ND |
London Majors batting - Pitching for Southern Maryland Blue Crabs : RHP Chris McCurdy
|
Batting: RHB Shunsuke Shiba Inu
|
0-0: Ball 1-0: Ball 2-0: Fly out, F8 (Flyball, 8RXD, EV 90.0 MPH)
|
Batting: SHB Dominik Hasek II
|
0-0: Foul Ball, location: 2F 0-1: Ball 1-1: Foul Ball, location: 2F 1-2: Fly out, F6 (Popup, 4MD, EV 38.1 MPH)
|
Batting: RHB Terry Plumley
|
0-0: Ball 1-0: Fly out, F6 (Popup, P, EV 80.6 MPH)
|
Top of the 2nd over - 0 runs, 0 hits, 0 errors, 0 left on base; London 1 - Southern Maryland 1 |
BOTTOM OF THE 2ND |
Southern Maryland Blue Crabs batting - Pitching for London Majors : RHP Gu Won
|
Batting: SHB Carlos Carrillo
|
0-0: Ground out 6-3 (Groundball, 6, EV 100.6 MPH)
|
Batting: RHB Jason Burke
|
0-0: Called Strike 0-1: Ball 1-1: Ball 2-1: Called Strike 2-2: Fly out, F7 (Flyball, 7D, EV 95.6 MPH)
|
Batting: LHB Vinny Rivera
|
0-0: Called Strike 0-1: Ball 1-1: Ball 2-1: DOUBLE (Groundball, 3L, EV 100.6 MPH)
|
Batting: RHB Tony Godley
|
0-0: Ball 1-0: Ball 2-0: SINGLE (Groundball, 6MD, EV 109.4 MPH) Vinny Rivera to third Runner from 3rd tries for Home, SAFE, throw by CF to home
|
Batting: RHB Ethan Finke
|
0-0: Called Strike 0-1: Foul Ball, location: 2F 0-2: Fly out, F9 (Flyball, 9LD, EV 100.6 MPH)
|
Bottom of the 2nd over - 1 run, 2 hits, 0 errors, 1 left on base; London 1 - Southern Maryland 2 |
TOP OF THE 3RD |
London Majors batting - Pitching for Southern Maryland Blue Crabs : RHP Chris McCurdy
|
Batting: RHB Mikey Sano
|
0-0: Swinging Strike 0-1: Called Strike 0-2: Ground out 6-3 (Groundball, 6, EV 105.6 MPH)
|
Batting: RHB Luis Gomez
|
0-0: Called Strike 0-1: Foul Ball, location: 2F 0-2: Ball 1-2: Foul Ball, location: 2F 1-2: Ball 2-2: Ball 3-2: SINGLE (Line Drive, 89M, EV 104.4 MPH)
|
Batting: RHB Dustin Bargman
|
0-0: Called Strike 0-1: Ball 1-1: Ground out 4-3 (Groundball, 34, EV 99.4 MPH) Luis Gomez to second
|
Batting: RHB Stephen Casteel
|
0-0: Fly out, F8 (Flyball, 8RD, EV 99.4 MPH)
|
Top of the 3rd over - 0 runs, 1 hit, 0 errors, 1 left on base; London 1 - Southern Maryland 2 |
BOTTOM OF THE 3RD |
Southern Maryland Blue Crabs batting - Pitching for London Majors : RHP Gu Won
|
Batting: RHB Mike Pitts
|
0-0: Called Strike 0-1: Ground out 6-3 (Groundball, 6S, EV 83.8 MPH)
|
Batting: SHB Chris Wright
|
0-0: Ball 1-0: Ball 2-0: Ball 3-0: Base on Balls
|
Batting: RHB John Barton
|
0-0: Ball 1-0: Called Strike 1-1: Ball 2-1: Ball 3-1: Foul Ball, location: 2F 3-2: Foul Ball, location: 2F 3-2: Foul Ball, location: 2F 3-2: Foul Ball, location: 2F 3-2: Foul Ball, location: 2F 3-2: DOUBLE (Line Drive, 5D, EV 97.5 MPH) Chris Wright to third Runner from 3rd tries for Home, SAFE, throw by LF to home
|
Batting: RHB Tony Fernandez
|
0-0: Foul Ball, location: 2F 0-1: Called Strike 0-2: Ball 1-2: Foul Ball, location: 2F 1-2: Ball 2-2: Foul Ball, location: 2F 2-2: Foul Ball, location: 2F 2-2: Ball 3-2: Ground out 5-3 (Groundball, 25, EV 93.1 MPH)
|
Batting: SHB Carlos Carrillo
|
0-0: Ball 1-0: Ball 2-0: Fly out, F5 (Popup, 5SF, EV 67.5 MPH)
|
Bottom of the 3rd over - 1 run, 1 hit, 0 errors, 1 left on base; London 1 - Southern Maryland 3 |
TOP OF THE 4TH |
London Majors batting - Pitching for Southern Maryland Blue Crabs : RHP Chris McCurdy
|
Batting: RHB Mike Chamberlain
|
0-0: Ball 1-0: Called Strike 1-1: Ground out 6-3 (Groundball, 6, EV 82.5 MPH)
|
Batting: LHB Eric Toney
|
0-0: Called Strike 0-1: Ball 1-1: Called Strike 1-2: Foul Ball, location: 2F 1-2: Strikes out swinging
|
Batting: RHB Shunsuke Shiba Inu
|
0-0: Ball 1-0: Ball 2-0: Ground out 4-3 (Groundball, 34, EV 88.8 MPH)
|
Top of the 4th over - 0 runs, 0 hits, 0 errors, 0 left on base; London 1 - Southern Maryland 3 |
BOTTOM OF THE 4TH |
Southern Maryland Blue Crabs batting - Pitching for London Majors : RHP Gu Won
|
Batting: RHB Jason Burke
|
0-0: Ball 1-0: Swinging Strike 1-1: Ground out 6-3 (Groundball, 6, EV 85.6 MPH)
|
Batting: LHB Vinny Rivera
|
0-0: Ball 1-0: Ground out 4-3 (Groundball, 4, EV 80.0 MPH)
|
Batting: RHB Tony Godley
|
0-0: Ball 1-0: Called Strike 1-1: Ground out 5-3 (Groundball, 56S, EV 88.8 MPH)
|
Bottom of the 4th over - 0 runs, 0 hits, 0 errors, 0 left on base; London 1 - Southern Maryland 3 |
TOP OF THE 5TH |
London Majors batting - Pitching for Southern Maryland Blue Crabs : RHP Chris McCurdy
|
Batting: SHB Dominik Hasek II
|
0-0: Ball 1-0: Called Strike 1-1: Foul Ball, location: 2F 1-2: Strikes out swinging
|
Batting: RHB Terry Plumley
|
0-0: Ball 1-0: Swinging Strike 1-1: Foul Ball, location: 2F 1-2: Foul Ball, location: 2F 1-2: SINGLE (Groundball, 56D, EV 103.1 MPH)
|
Pinch Runner at 1st Pete Duncan:
|
|
Batting: RHB Mikey Sano
|
0-0: Fly out, F8 (Flyball, 78D, EV 104.4 MPH)
|
Batting: RHB Luis Gomez
|
0-0: Foul Ball, location: 2F 0-1: Ball 1-1: Called Strike 1-2: Ball 2-2: Ball Pete Duncan steals 2nd base 3-2: Foul Ball, location: 2F 3-2: Ground out 3-1 (Groundball, 34S, EV 83.1 MPH)
|
Top of the 5th over - 0 runs, 1 hit, 0 errors, 1 left on base; London 1 - Southern Maryland 3 |
BOTTOM OF THE 5TH |
Southern Maryland Blue Crabs batting - Pitching for London Majors : RHP Gu Won
|
Now at 1B: John Rios
|
|
Batting: RHB Ethan Finke
|
0-0: Ball 1-0: Foul Ball, location: 2F 1-1: Ball 2-1: Foul Ball, location: 2F 2-2: Strikes out swinging
|
Batting: RHB Mike Pitts
|
0-0: Ball 1-0: Foul Ball, location: 2F 1-1: Called Strike 1-2: Fly out, F8 (Flyball, 8RM, EV 85.6 MPH)
|
Batting: SHB Chris Wright
|
0-0: Ball 1-0: Fly out, F9 (Line Drive, 9, EV 105.6 MPH)
|
Bottom of the 5th over - 0 runs, 0 hits, 0 errors, 0 left on base; London 1 - Southern Maryland 3 |
TOP OF THE 6TH |
London Majors batting - Pitching for Southern Maryland Blue Crabs : RHP Chris McCurdy
|
Batting: RHB Dustin Bargman
|
0-0: Ball 1-0: Ground out 4-3 (Groundball, 4, EV 105.6 MPH)
|
Batting: RHB Stephen Casteel
|
0-0: Ball 1-0: Foul Ball, location: 2F 1-1: Ground out U3 (Groundball, 34, EV 85.6 MPH)
|
Batting: RHB Mike Chamberlain
|
0-0: SINGLE (Flyball, 6D, EV 87.5 MPH)
|
Batting: LHB Eric Toney
|
0-0: Ball 1-0: Ball Wild Pitch! Mike Chamberlain to second 2-0: Fly out, F5 (Popup, 5SF, EV 88.1 MPH)
|
Top of the 6th over - 0 runs, 1 hit, 0 errors, 1 left on base; London 1 - Southern Maryland 3 |
BOTTOM OF THE 6TH |
Southern Maryland Blue Crabs batting - Pitching for London Majors : RHP Gu Won
|
Batting: RHB John Barton
|
0-0: Ball 1-0: Called Strike 1-1: Fly out, F9 (Flyball, 89S, EV 94.4 MPH)
|
Batting: RHB Tony Fernandez
|
0-0: Ball 1-0: Ball 2-0: Ball 3-0: Base on Balls
|
Batting: SHB Carlos Carrillo
|
0-0: Ball 1-0: Foul Ball, location: 2F 1-1: Ball 2-1: Ball 3-1: SINGLE (Groundball, 34D, EV 97.5 MPH) Tony Fernandez to second Runner from 2nd tries for 3rd, SAFE, throw by RF made to third
|
Pitching: LHP William Capuano
|
|
Batting: RHB Jason Burke
|
0-0: Foul Ball, location: 2F 0-1: Called Strike 0-2: Ball 1-2: Strikes out swinging
|
Batting: LHB Vinny Rivera
|
0-0: Fly out, F9 (Flyball, 9LS, EV 79.4 MPH)
|
Bottom of the 6th over - 0 runs, 1 hit, 0 errors, 2 left on base; London 1 - Southern Maryland 3 |
TOP OF THE 7TH |
London Majors batting - Pitching for Southern Maryland Blue Crabs : RHP Chris McCurdy
|
Batting: RHB Shunsuke Shiba Inu
|
0-0: Ball 1-0: Called Strike 1-1: Ball 2-1: Ground out 5-3 (Groundball, 56S, EV 70.6 MPH)
|
Pitching: RHP Tim Bemish
|
|
Batting: SHB Dominik Hasek II
|
0-0: Swinging Strike 0-1: Called Strike 0-2: Strikes out swinging
|
Batting: RHB John Rios
|
0-0: Ball 1-0: Fly out, F9 (Flyball, 89S, EV 83.8 MPH)
|
Top of the 7th over - 0 runs, 0 hits, 0 errors, 0 left on base; London 1 - Southern Maryland 3 |
BOTTOM OF THE 7TH |
Southern Maryland Blue Crabs batting - Pitching for London Majors : LHP William Capuano
|
Batting: RHB Tony Godley
|
0-0: Swinging Strike 0-1: Ball 1-1: Fly out, F9 (Flyball, 89S, EV 96.2 MPH)
|
Batting: RHB Ethan Finke
|
0-0: Ball 1-0: Ball 2-0: Called Strike 2-1: Foul Ball, location: 2F 2-2: Ground out U3 (Groundball, 34, EV 78.8 MPH)
|
Batting: RHB Mike Pitts
|
0-0: Called Strike 0-1: DOUBLE (Flyball, 8LXD, EV 93.8 MPH)
|
Batting: SHB Chris Wright
|
0-0: Ball 1-0: Foul Ball, location: 2F 1-1: Foul Ball, location: 2F 1-2: Ball 2-2: Ball 3-2: Strikes out swinging
|
Bottom of the 7th over - 0 runs, 1 hit, 0 errors, 1 left on base; London 1 - Southern Maryland 3 |
TOP OF THE 8TH |
London Majors batting - Pitching for Southern Maryland Blue Crabs : RHP Tim Bemish
|
Batting: RHB Mikey Sano
|
0-0: Ball 1-0: Foul Ball, location: 2F 1-1: Called Strike 1-2: Ball 2-2: Foul Ball, location: 2F 2-2: Strikes out swinging
|
Batting: RHB Luis Gomez
|
0-0: Called Strike 0-1: Ball 1-1: Foul Ball, location: 2F 1-2: Foul Ball, location: 2F 1-2: SINGLE (Groundball, 6, EV 96.2 MPH)
|
Pinch Hitting: SHB Kevin Watson
|
0-0: Ball 1-0: Ball 2-0: Ball 3-0: Called Strike 3-1: Foul Ball, location: 2F 3-2: Fly out, F5 (Popup, 5S, EV 85.6 MPH)
|
Batting: RHB Stephen Casteel
|
0-0: Called Strike 0-1: 2-RUN HOME RUN (Flyball, 78XD, EV 103.1 MPH), Distance : 415 ft
|
Batting: RHB Mike Chamberlain
|
0-0: Called Strike 0-1: Foul Ball, location: 2F 0-2: Ball 1-2: Ball 2-2: Foul Ball, location: 2F 2-2: Ball 3-2: Strikes out swinging
|
Top of the 8th over - 2 runs, 2 hits, 0 errors, 0 left on base; London 3 - Southern Maryland 3 |
BOTTOM OF THE 8TH |
Southern Maryland Blue Crabs batting - Pitching for London Majors : LHP William Capuano
|
Pitching: RHP Steve Schultz
|
|
Now at 3B: Bobby Roldan
|
|
Batting: RHB John Barton
|
0-0: Ball 1-0: Called Strike 1-1: Called Strike 1-2: Ball 2-2: Foul Ball, location: 2F 2-2: Strikes out swinging
|
Pinch Hitting: LHB Ralph Braine
|
0-0: SOLO HOME RUN (Flyball, 9D, EV 100.0 MPH), Distance : 376 ft
|
Batting: SHB Carlos Carrillo
|
0-0: Ball 1-0: Ball 2-0: Fly out, F5 (Popup, 5F, EV 78.8 MPH)
|
Batting: RHB Jason Burke
|
0-0: Ball 1-0: Ball 2-0: Foul Ball, location: 2F 2-1: Foul Ball, location: 2F 2-2: DOUBLE (Line Drive, 7LM, EV 94.4 MPH)
|
Batting: LHB Vinny Rivera
|
0-0: Called Strike 0-1: Swinging Strike 0-2: Strikes out swinging
|
Bottom of the 8th over - 1 run, 2 hits, 0 errors, 1 left on base; London 3 - Southern Maryland 4 |
TOP OF THE 9TH |
London Majors batting - Pitching for Southern Maryland Blue Crabs : RHP Tim Bemish
|
Pitching: RHP Harley Hyde
|
|
Now at 1B: Dan Thomey
|
|
Batting: LHB Eric Toney
|
0-0: Called Strike 0-1: Foul Ball, location: 2F 0-2: Ball 1-2: Ball 2-2: Ball 3-2: Foul Ball, location: 2F 3-2: Foul Ball, location: 2F 3-2: Foul Ball, location: 2F 3-2: Base on Balls
|
Pinch Runner at 1st Kurt Estep:
|
|
Batting: RHB Shunsuke Shiba Inu
|
0-0: Ball 1-0: Swinging Strike 1-1: Ball 2-1: Called Strike 2-2: Foul Ball, location: 2F 2-2: Strikes out looking
|
Batting: SHB Dominik Hasek II
|
0-0: Ball 1-0: Called Strike 1-1: Ball 2-1: Swinging Strike 2-2: Strikes out swinging
|
Pinch Hitting: SHB Zach Hillard
|
0-0: Ball 1-0: Ball 2-0: Ball 3-0: Called Strike 3-1: Base on Balls Kurt Estep to second
|
Pinch Hitting: RHB Mark Noftall
|
0-0: Ball 1-0: Ball 2-0: Ground out 5-3 (Groundball, 56, EV 100.6 MPH)
|
Top of the 9th over - 0 runs, 0 hits, 0 errors, 2 left on base; London 3 - Southern Maryland 4 |
|